 Dungeon Crawl Stone Soup version 0.28-a0-1493-g08698888e4 (webtiles) character file.

Game seed: 17431090353782304001

17 murtidash the Magician (level 2, 0/21 HPs)
             Began as a Djinni Ice Elementalist on Jan 12, 2022.
             Frozen to death by an endoplasm (6 damage)
             ... on level 1 of the Dungeon.
             The game lasted 00:01:22 (1009 turns).

murtidash the Magician (Djinni Ice Elementalist)    Turns: 1009, Time: 00:01:23

Health: 0/21       AC:  2    Str:  7    XL:     2   Next: 80%
Gold:   15         EV: 12    Int: 16    God:
                   SH:  0    Dex: 13

rFire   + + .      SeeInvis .   b - +0 dagger
rCold   x . .      Faith    .   (no shield)
rNeg    . . .      Spirit   .   a - +0 robe
rPois   ∞          Reflect  .   (no helmet)
rElec   .          Harm     .   (no cloak)
rCorr   .          Rampage  .   (no gloves)
Will    .....                   (boots unavailable)
Stlth   ++........              (no amulet)
HPRegen 0.07/turn               (no ring)
MPRegen 0.00/turn               (no ring)

@: flying
A: sickness immunity, fire resistance 2, cold vulnerability 1, float, innate
caster, hp casting, extra vitality 1
a: no special abilities


You were on level 1 of the Dungeon.
You visited 1 branch of the dungeon, and saw 1 of its levels.

You collected 15 gold pieces.

Inventory:

Hand Weapons
 b - a +0 dagger (weapon)
   (You took it off a goblin on level 1 of the Dungeon)
Armour
 a - a +0 robe (worn)
Scrolls
 d - a scroll of acquirement {unknown}
 e - a scroll of amnesia {unknown}
Potions
 c - a potion of ambrosia {unknown}
 f - a potion of flight {unknown}


   Skills:
 - Level 2.1 Dodging
 - Level 1.5 Stealth
 + Level 3.8 Spellcasting


You couldn't memorise any spells.
You knew the following spells:

 Your Spells              Type           Power      Damage    Failure   Level
a - Frozen Ramparts       Ice            30%        1d5       11%         3
A - Ozocubu's Armour      Ice            15%        N/A       11%         3
X - Hailstorm             Conj/Ice       15%        3d5       34%         4
Z - Freeze                Ice            60%        1d8       3%          1
Your spell library was empty.

Dungeon Overview and Level Annotations

Branches:
Dungeon (1/15)

Altars:


Innate Abilities, Weirdness & Mutations

You are immune to sickness and miasma.
You are immune to poison.
Your flesh is very heat resistant. (rF++)
You are vulnerable to cold. (rC-)
You float through the air rather than walking.
You learn spells naturally, not from books.
Your magical power is your life essence.
You have superior vitality. (+4 MHP)


Message History

You freeze the goblin.
You kill the goblin!
You take 1 damage, and have 10/21 hp.
Aim: a rat You freeze the rat.
The rat completely misses you.
You take 1 damage, and have 9/21 hp.
Aim: a rat (severely wounded)
You freeze the rat.
You kill the rat!
You take 1 damage, and have 8/21 hp.
You can't see any susceptible monsters within range! (Use Z to cast anyway.)
You can't see any susceptible monsters within range! (Use Z to cast anyway.)
Things that are here:
a +0 club; a rat corpse; Health restored: 21
e - a scroll labelled ZINLAO QAEPLUNK
f - a coppery potion You now have 15 gold pieces (gained 3).
You reach down and open the door.
A goblin comes into view. It is wielding a +0 club.
A goblin is nearby!
Found a stone staircase leading down.
There is an open door here.
The goblin shouts!
The goblin hits you with a +0 club.
You take 4 damage, and have 17/21 hp.
You barely miss the goblin. The goblin misses you.
Aim: a goblin, wielding a +0 club You miscast Freeze.
You are very lightly contaminated with residual magic.
Nothing appears to happen.
The goblin hits you with a +0 club.
You take 3 damage, and have 14/21 hp.
Aim: a goblin, wielding a +0 club You freeze the goblin.
You kill the goblin!
You take 1 damage, and have 13/21 hp.
You can't see any susceptible monsters within range! (Use Z to cast anyway.)
You can't see any susceptible monsters within range! (Use Z to cast anyway.)
Your magical contamination has completely faded away.
Things that are here:
a +0 club; a goblin corpse; Health restored: 21 You reach down and open the door.
There is an open door here.
There is an open door here.
You see here a +0 leather armour.
You reach down and open the door.
A goblin comes into view. It is wielding a +0 club.
A goblin is nearby!
The goblin shouts!
There is an open door here.
The goblin hits you with a +0 club.
A hobgoblin comes into view.
You take 3 damage, and have 18/21 hp.
Aim: a goblin, wielding a +0 club You freeze the goblin.
The hobgoblin shouts!
The goblin hits you with a +0 club.
You take 4 damage, and have 14/21 hp.
Aim: a goblin, wielding a +0 club (moderately wounded)
You freeze the goblin. The goblin hits you but does no damage.
You take 1 damage, and have 13/21 hp.
Aim: a goblin, wielding a +0 club (severely wounded)
You freeze the goblin!
You kill the goblin!
You take 1 damage, and have 12/21 hp.
You can't see any susceptible monsters within range! (Use Z to cast anyway.)
You are too injured to fight recklessly!
You are too injured to fight recklessly!
An endoplasm comes into view.
A bat comes into view.
Aim: a hobgoblin You freeze the hobgoblin.
The endoplasm quivers.
The hobgoblin closely misses you.
You take 1 damage, and have 11/21 hp.
The bat completely misses you. The bat closely misses you. The bat hits you.
There is an open door here.
You take 1 damage, and have 10/21 hp.
Aim: a bat You freeze the bat.
The bat closely misses you. The bat hits you but does no damage.
You take 1 damage, and have 9/21 hp.
Aim: a bat (severely wounded)
You freeze the bat.
You kill the bat!
You take 1 damage, and have 8/21 hp.
Aim: a hobgoblin You freeze the hobgoblin.
The hobgoblin completely misses you.
You take 1 damage, and have 7/21 hp.
Aim: a hobgoblin (heavily wounded)
You freeze the hobgoblin.
You kill the hobgoblin!
* * * LOW HITPOINT WARNING * * *
You can't see any susceptible monsters within range! (Use Z to cast anyway.)
An endoplasm is nearby!
Aim: an endoplasm You freeze the endoplasm.
* * * LOW HITPOINT WARNING * * *
The endoplasm freezes you.
You are frozen.
You feel a terrible chill!
You die...

.....................#
..................####
..................#
###.).............#
##..............#
#..............# ##
#........#######
.###............##########
.'.........[....@J........
.#########......##.)......
.# #......##........ .#
#......##........ ##
#......##........ #
#......##........ #
##..#####........ # ##.##
#........ # #..#


You could see an endoplasm.

Vanquished Creatures
  2 bats (D:1)
  An endoplasm (D:1)
  A giant cockroach (D:1)
  A hobgoblin (D:1)
  A kobold (D:1)
  A ball python (D:1)
  A frilled lizard (D:1)
  4 goblins (D:1)
  4 rats (D:1)
16 creatures vanquished.

Notes
Turn   | Place    | Note
-------+----------+-------------------------------------------
     0 | D:1      | murtidash the Djinni Ice Elementalist began the quest for
                  | the Orb.
     0 | D:1      | Reached XP level 1. HP: 15/15 MP: 0/0
   490 | D:1      | Reached XP level 2. HP: 18/21 MP: 0/0
  1009 | D:1      | Frozen to death by an endoplasm

Illustrated notes

Levels and vault maps discovered:
D:1:      co_arrival_random_square_maze, layout_basic, serial_shops, shop

Action                   || total
-------------------------++-------
Melee: Dagger            ||     4
       Unarmed           ||     1
 Cast: Freeze            ||    29
Armor: Robe              ||     4
Dodge: Dodged            ||    13

Table legend: (Time is in decaauts)
 A = Elapsed time spent in this place.
 B = Non-inter-level travel time spent in this place.
 C = Inter-level travel time spent in this place.
 D = Time resting spent in this place.
 E = Time spent auto-exploring this place.
 F = Levels seen in this place.
 G = Mean time per level.
                   A        B        C        D        E       F      G
               +--------+--------+--------+--------+--------+-----+--------+
         Total |   1008 |   1008 |      0 |      0 |    914 |   1 | 1008.0 |
       Dungeon |   1008 |   1008 |      0 |      0 |    914 |   1 | 1008.0 |
               +--------+--------+--------+--------+--------+-----+--------+

Top non-repeatable levels by time:
     D:1: 1008 daAuts

Table legend:
 A = Kills in this place as a percentage of kills in entire the game.
 B = Kills by you in this place as a percentage of kills by you in the entire game.
 C = Kills by friends in this place as a percentage of kills by friends in the entire game.
 D = Other kills in this place as a percentage of other kills in the entire game.
 E = Experience gained in this place as a percentage of experience gained in the entire game.
 F = Experience gained in this place divided by the number of levels of this place that you have seen.
                   A       B       C       D       E      F
               +-------+-------+-------+-------+-------+----------------------
         Total | 100.0 | 100.0 |   N/A |   N/A | 100.0 |  25.0
       Dungeon | 100.0 | 100.0 |   N/A |   N/A | 100.0 |  25.0
               +-------+-------+-------+-------+-------+----------------------
